 BcadrenCrawl: Boulder Brew version 0.04.2-14-g97babad5ff (webtiles) character file.

Game seed: 3129187877559026013, levelgen mode: deterministic

314724 diana the Slingshot (level 21, -9/146 HPs) Kobold Gladiator. Began on May 8, 2021. Was the Champion of Okawaru. Mangled by a large abomination (10 damage) ... created by a deep elf high priest ... on level 3 of the Elven Halls. The game lasted 01:48:28 (28542 turns).

diana the Slingshot (Kobold Gladiator)             Turns: 28542, Time: 01:48:29

Health: -9/146     AC: 18    Str: 13    XL:     21 ^: 13213
Magic:  26/26      EV: 33    Int:  5    God:    Okawaru [6* [200]]
Gold:   2894       SH:  0    Dex: 48    Spells: 20/20 levels left

rFire    + + .     Vision   .   T - +6 hunting sling "Subbocacs" {venom, rPois rN+ Int-4 Dex+9 Stlth-}
rCold    x . .     Gourm    .   N - +2 katar (speed)
rNeg     + . .     Faith    .   O - +2 fire dragon scales of the Circus Animal {rF++ rC- Dex+5 Slay+2}
rPois    +         Spirit   .   R - +1 helmet
rElec    .         Reflect  .   A - scarf {repulsion}
rCorr    .         Harm     .   c - +0 pair of gloves
MR       +....                  u - +1 pair of boots {sturdy}
Stlth    +.........             w - amulet of regeneration
HPRegen  0.98/turn              l - ring "Goacurphao" {Wiz Dex+4}
MPRegen  0.36/turn              B - ring of dexterity

@: weakened, studying Summonings, lightly drained, repel missiles
A: small, carnivore
}: 3/15 runes: decaying, serpentine, abyssal
a: Heroism, Finesse, Renounce Religion


You were on level 3 of the Elven Halls.
You worshipped Okawaru.
Okawaru was exalted by your worship.
You were not hungry.

You visited 7 branches of the dungeon, and saw 28 of its levels.
You visited the Abyss 1 time.
You also visited: Volcano.

You collected 2894 gold pieces.

Inventory:

Weapons
 e - a +3 fustibalus of freezing
 y - a +5 cleaver of molten steel
 E - a +5 cleaver of speed
 F - a +0 cleaver of caustic ooze
 I - the +6 cleaver "Blob" {freeze, *Drain rF+ Int+6}
   (You found it on level 4 of the Snake Pit)

   It has been specially enchanted to freeze those struck by it, causing extra
   injury to most foes and up to half again as much damage against particularly
   susceptible opponents.
   It can also slow down cold-blooded creatures.
   It affects your intelligence (+6).
   It protects you from fire.
   It causes draining when unequipped.
 N - a +2 katar of speed (weapon)
 T - the +6 hunting sling "Subbocacs" (weapon) {venom, rPois rN+ Int-4 Dex+9 Stlth-}
   (Okawaru gifted it to you on level 4 of the Swamp)

   It poisons the ammo it fires.
   It affects your intelligence (-4).
   It affects your dexterity (+9).
   It protects you from poison.
   It protects you from negative energy.
   It makes you less stealthy.
   Shields
 M - the +6 buckler "Zeblafriuts" {Int+6}
   (You found it on level 6 of the Dungeon)

   Base shield rating: 3 Skill to remove penalty: 5.6 It affects your
   intelligence (+6).
Armour
 c - a +0 pair of gloves (worn)
 u - a +1 pair of boots of sturdiness (worn)
 A - a scarf of repulsion (worn)
 O - the +2 fire dragon scales of the Circus Animal (worn) {rF++ rC- Dex+5 Slay+2}
   (You found it in a volcano)

   It affects your dexterity (+5).
   It affects your accuracy and damage with ranged weapons and melee attacks
   (+2).
   It greatly protects you from fire.
   It makes you vulnerable to cold.
 R - a +1 helmet (worn)
Jewellery
 d - an uncursed ring of poison resistance
 l - the ring "Goacurphao" (left hand) {Wiz Dex+4}
   (You found it on level 2 of the Swamp)

   [ring of wizardry]

   It improves your spell success rate.
   It affects your dexterity (+4).
 t - an uncursed ring of magical power
 w - an amulet of regeneration (around neck)
 z - the ring "Koacew" {Dex+3 Stlth-}
   (You took it off a deep elf mage on level 2 of the Elven Halls)

   [ring of attention]

   It affects your dexterity (+3).
   It makes you less stealthy.
 B - a ring of dexterity (right hand)
Wands
 a - a wand of healing (6)
 n - a wand of acid (36)
 x - a wand of scattershot (7)
 C - a wand of disintegration (39)
 J - a wand of hasting (3)
 Q - a wand of iceblast (36)
 W - a wand of clouds (2)
Scrolls
 g - 8 scrolls of bless item
 h - 11 scrolls of enchantment
 i - 4 scrolls of fear
 j - 9 scrolls of teleportation
 m - 2 scrolls of acquirement
 v - 3 scrolls of magic mapping
 G - 4 scrolls of fog
 H - 2 scrolls of amnesia
 L - 2 scrolls of holy word
 Z - 2 scrolls of summoning
Potions
 b - 3 potions of resistance
 k - 8 potions of haste
 o - 5 potions of ambrosia
 p - 3 potions of magic
 q - 4 potions of might
 r - 6 potions of agility
 s - 4 potions of heal wounds
 D - 3 potions of cancellation
 K - 5 potions of cure mutation
 P - 2 potions of brilliance
 S - 8 potions of curing
 V - 3 potions of beneficial mutation
 X - 3 potions of invisibility
 Y - 3 potions of berserk rage
Comestibles
 f - 80 rations


   Skills:
 + Level 20.2(19.8) Fighting
 - Level 22.0(21.5) Short Blades
 - Level 22.0(21.6) Slings
 - Level 6.0(5.7) Armour
 + Level 18.1(17.8) Dodging
 - Level 7.0(6.7) Invocations
 - Level 2.1(1.9) Evocations


You had 20 spell levels left.
You didn't know any spells.
Your spell library contained the following spells:

 Spells                   Type           Power        Failure   Level  Hunger
 Flame Tongue             Fire           0 (30)       43%         1    ##.....
 Freeze                   Ice            0 (25)       43%         1    ##.....
 Infusion                 Chrm           0 (25)       43%         1    ##.....
 Magic Candle             Hex/Fire       0 (90)       43%         1    ##.....
 Poisonous Vapours        Pois/Air       0 (50)       43%         1    ##.....
 Summon Butterflies       Summ           0 (100)      43%         1    ##.....
 Blink                    Tloc           N/A          56%         2    ###....
 Call Imp                 Summ           0 (100)      56%         2    ###....
 Ensorcelled Hibernation  Hex/Ice        0 (50)       56%         2    ###....
 Passwall                 Tmut/Erth      0 (120)      56%         2    ###....
 Shroud of Golubria       Chrm/Tloc      0 (200)      56%         2    ###....
 Slow                     Hex            0 (100)      56%         2    ###....
 Song of Slaying          Chrm           0 (100)      56%         2    ###....
 Sublimation of Blood     Necr           0 (200)      56%         2    ###....
 Swiftness                Chrm/Air       0 (100)      56%         2    ###....
 Apportation              Tloc           0 (50)       80%         3    ####...
 Blinding Spray           Hex/Pois       0 (50)       80%         3    ####...
 Confuse                  Hex            0 (100)      80%         3    ####...
 Conjure Flame            Fire           0 (100)      80%         3    ####...
 Ignite Poison            Fire/Tmut      0 (100)      80%         3    ####...
 Mephitic Cloud           Pois/Air       0 (100)      80%         3    ####...
 Portal Projectile        Chrm/Tloc      0 (50)       80%         3    ####...
 Pryten's Skeletal Upris  Chrm/Necr      0 (200)      80%         3    ####...
 Recall                   Summ/Tloc      N/A          80%         3    ####...
 Regeneration             Chrm/Necr      0 (200)      80%         3    ####...
 Spectral Weapon          Chrm/Summ      0 (100)      80%         3    ####...
 Tukima's Dance           Hex            0 (100)      80%         3    ####...
 Fulminant Prism          Hex            0 (200)      99%         4    #####..
 Hailstorm                Ice            0 (100)      99%         4    #####..
 Ice Form                 Ice/Tmut       0 (100)      99%         4    #####..
 Muse Oam's Air Blast     Tloc/Air       0 (100)      99%         4    #####..
 Passage of Golubria      Tloc           N/A          99%         4    #####..
 Petrify                  Tmut/Erth      0 (100)      99%         4    #####..
 Still Winds              Hex/Air        0 (200)      99%         4    #####..
 Aura of Abjuration       Summ           0 (200)      100%        5    ######.
 Bolt of Draining         Necr           0 (200)      100%        5    ######.
 Irradiate                Tmut/Pois      0 (200)      100%        5    ######.
 Lee's Rapid Deconstruct  Erth           0 (200)      100%        5    ######.
 Methodical Deconstructi  Erth           0 (200)      100%        5    ######.
 Summon Forest            Summ/Erth      0 (200)      100%        5    ######.
 Summon Mana Viper        Summ/Pois      0 (100)      100%        5    ######.
 Agony                    Necr           0 (180)      100%        6    #######
 Bolt of Cold             Ice            0 (200)      100%        6    #######
 Darkness                 Hex            0 (200)      100%        6    #######
 Dispersal                Tloc           0 (200)      100%        6    #######
 Eringya's Noxious Bog    Tmut/Pois      0 (200)      100%        6    #######
 Freezing Cloud           Ice/Air        0 (200)      100%        6    #######
 Invisibility             Chrm           0 (100)      100%        6    #######
 Ozocubu's Refrigeration  Ice            0 (200)      100%        6    #######
 Ring of Flames           Chrm/Fire      0 (200)      100%        6    #######
 Shadow Creatures         Summ           N/A          100%        6    #######
 Simulacrum               Ice/Necr       0 (200)      100%        6    #######
 Controlled Blink         Tloc           0 (100)      100%        7    #######
 Disjunction              Tloc           0 (200)      100%        8    #######


Dungeon Overview and Level Annotations

Branches:
Dungeon (8/8)              Temple (1/1) D:4            Lair (6/6) D:5
  Swamp (4/4) Lair:2        Snake (4/4) Lair:2        Slime (0/5) Lair:5
    Orc (2/2) D:6             Elf (3/3) Orc:2        Vaults (0/5) D:7
 Depths (0/5) D:8         Volcano (visited)

Altars:
Ashenzari
Cheibriados
Dithmenos
Elyvilon
Fedhas Madash
Gozag Ym Sagoz
Hepliaklqana
Kikubaaqudgha
Makhleb
Nemelex Xobeh
Okawaru
Qazlal
Ru
Sif Muna
Trog
Uskayaw
Wu Jian
Xom
Yredelemnul
Zin
The Shining One
Beogh

Shops:
D:2 *   D:5 (   D:6 :   Orc:1 }   Orc:2 [*(:   Elf:3 [   Snake:2 }}=

Portals:
Trove: D:7 (give 12 potions of heal wounds)

Annotations:
Elf:1 6 runed translucent doors
Elf:2 2 runed translucent doors


Innate Abilities, Weirdness & Mutations

You are small and have problems with some larger weapons.
You are carnivorous and can eat meat at any time.


Message History

The bolt of acid hits the large abomination but does no damage (0).
The large abomination is undamaged. (26/26) HP The bolt of acid hits the deep elf death mage (4).
The deep elf death mage is splashed with acid (1).
The deep elf death mage is almost dead. (1/59) HP The large abomination completely misses you (0).
The large abomination misses you (0).
The large abomination completely misses you (0).
The large abomination bites you (5). The large abomination bites you (2).
The large abomination barely misses you (0).
The large abomination bites you but does no damage.
The large abomination barely misses you (0).
The large abomination closely misses you (0). x2
The large abomination bites you but does no damage.
The large abomination barely misses you (0).
The large abomination bites you (2).
The large abomination hits you with a whip of exposed bone (46)!!!
* * * LOW HITPOINT WARNING * * *
The large abomination slaps you with a mass of organs, mostly eyeballs (10)!
You die...

##..# ##.X.#
#.X**# #.#e##
###.# #X# #.#
#e############
#eXX@........#
######.......#
##.....##
+.....# ##.†.##
########'...#
##.....#)##.##
+#.......###.#
##....∩....####


You could see 2 deep elf death magi and 2 large abominations.

Vanquished Creatures
  Nikola (Elf:2)
  Jorgrun (D:8)
  Rupert (D:8)
  Gastronok (D:4)
  9 thorn hunters
  12 nagarajas
  An orc warlord (Orc:1)
  8 deep elf sorcerers
  3 deep elf elementalists
  2 deep elf master archers (Elf:3)
  2 deep elf blademasters (Abyss:3)
  3 deep elf demonologists
  2 deep elf annihilators
  Snorg (D:5)
  3 chaos butterflies
  4 deep elf death magi
  Josephine (D:5)
  An ice dragon (Swamp:4)
  A merfolk avatar (Lair:6)
  Harold (D:5)
  5 deep elf high priests
  15 naga warriors
  2 rakshasas (Abyss:3)
  2 ogre magi
  2 boulder beetles
  3 sphinx moths
  A satyr (Abyss:3)
  A catoblepas (Lair:6)
  A ghost crab (Swamp:4)
  17 naga sharpshooters
  19 alligators
  3 swooping magpies
  A dire elephant (Lair:6)
  5 unseen horrors
  2 orc high priests (Orc:2)
  9 shock serpents
  15 deep elf knights
  5 vault guards (D:7)
  Sonja (D:7)
  7 anacondas
  2 spriggan druids (Swamp:4)
  10 two-headed ogres
  Nergalle (D:5)
  10 swamp dragons
  2 tengu warriors
  A death drake (shapeshifter) (D:8)
  A lindwurm (Lair:3)
  11 deep elf archers
  11 naga ritualists
  3 shambling mangroves
  26 hydras
  8 orc knights
  A glowing orange brain (D:8)
  A centaur warrior (D:7)
  25 dancing weapons
  A skeletal warrior (D:6)
  6 wizards
  A rock worm (D:8)
  6 guardian serpents
  A guardian serpent (shapeshifter) (D:8)
  4 manticores
  5 orc sorcerers
  A sun demon (Orc:2)
  31 deep elf magi
  11 giraffes
  9 salamanders
  3 worldbinders (Abyss:3)
  13 naga magi
  3 gargoyles
  2 water nymphs (Abyss:3)
  13 mana vipers
  38 black mambas
  A water nymph (shapeshifter) (D:8)
  9 ugly things
  A smoke demon (Orc:2)
  23 spiny frogs
  5 trolls
  5 toenail golems (Volcano)
  A wolf spider (shapeshifter) (D:8)
  Psyche (D:5)
  An efreet (D:7)
  6 rime drakes
  3 meliai (D:7)
  A yaktaur (D:7)
  2 elephants (Lair:6)
  27 tyrant leeches
  9 bog bodies
  19 komodo dragons
  A wind drake (Lair:6)
  A queen bee (D:7)
  2 polar bears (Lair:3)
  14 hornets
  An ancient zyme (Abyss:3)
  A blink frog (shapeshifter) (D:8)
  11 blink frogs
  3 wraiths (D:5)
  2 large abominations
  4 dream sheep (Lair:6)
  A hippogriff (shapeshifter) (D:8)
  6 spriggans
  7 water elementals
  An air elemental (Elf:1)
  3 hippogriffs
  3 shadows
  2 chaos elementals (Abyss:3)
  33 yaks
  Grum (Lair:1)
  7 cyclopes
  3 basilisks
  6 wyverns
  2 humans (D:7)
  3 war dogs (Lair:1)
  3 guardian mummies
  A hungry ghost (D:7)
  2 fire elementals (Elf:1)
  48 nagas
  2 wargs
  14 vampire mosquitoes
  2 phantoms
  12 insubstantial wisps
  31 swamp worms
  A wolf spider zombie (D:7)
  15 slime creatures
  3 necrophages
  35 orc warriors
  13 water moccasins
  2 earth elementals
  4 small abominations (Elf:1)
  11 porcupines
  12 scorpions
  4 black bears
  14 swamp drakes
  2 ice beasts (D:5)
  4 sky beasts
  9 ogres
  4 wolves (Lair:1)
  11 crocodiles
  6 fetid cysts
  4 big kobolds (D:6)
  2 harpy zombies (D:7)
  20 bullfrogs
  3 gnoll sergeants (D:6)
  A meliai zombie (D:7)
  4 centaurs
  10 harpy skeletons (D:7)
  10 howler monkeys
  27 killer bees
  5 wights
  2 hornet zombies (D:7)
  9 electric eels
  3 lava snakes (Snake:3)
  18 orc priests
  4 hounds
  9 jellies
  15 orc wizards
  6 mummies
  5 iguanas
  A water moccasin zombie (D:5)
  11 worker ants
  3 wyvern zombies (D:5)
  2 wyvern skeletons
  4 giant cockroaches (D:2)
  6 bullfrog zombies
  4 bullfrog skeletons
  2 gnolls (D:6)
  3 shadow imps (D:4)
  15 adders
  20 sewer rats
  A white imp (Abyss:3)
  5 cinder newts
  5 worms
  2 howler monkey zombies (D:5)
  3 worker ant zombies (D:5)
  A hound skeleton (D:5)
  A killer bee zombie (D:5)
  5 oozes
  2 dart slugs (D:1)
  4 leopard geckos
  84 orcs
  2 adder skeletons
  3 adder zombies (D:5)
  4 goblins (D:1)
  3 hobgoblins (D:1)
  3 jackals (D:4)
  10 kobolds (D:1)
  3 quokkas
  2 ball pythons (D:2)
  7 bats
  A kobold skeleton (D:2)
  A leopard gecko zombie (D:5)
  A quokka skeleton (D:5)
  13 rats
  A butterfly (D:5)
  2 crawling corpses (Elf:1)
  7 fungi (Orc:2)
  3 giant blowflies
  5 plants
  5 rainbow trout
  11 withered plants (D:2)
1360 creatures vanquished.

Vanquished Creatures (others)
  A water elemental (Elf:1)
  A sewer rat (D:2)
  9 fungi
  2 giant blowflies (D:7)
  26 plants
  36 rainbow trout
  55 withered plants (D:2)
130 creatures vanquished.

Grand Total: 1490 creatures vanquished

Notes
Turn   | Place    | Note
-------+----------+-------------------------------------------
     0 | D:1      | diana the Kobold Gladiator began the quest for the Orb.
     0 | D:1      | Reached XP level 1. HP: 12/12 MP: 2/2
    53 | D:1      | Reached XP level 2. HP: 17/18 MP: 3/3
   141 | D:1      | Reached XP level 3. HP: 22/22 MP: 4/4
   208 | D:1      | Reached skill level 1 in Armour
   574 | D:1      | Reached XP level 4. HP: 27/27 MP: 5/5
   733 | D:2      | Noticed a water moccasin
   749 | D:2      | Killed a water moccasin
   749 | D:2      | Reached XP level 5. HP: 8/32 MP: 6/6
   990 | D:2      | Found a blossoming altar of Fedhas.
  1005 | D:2      | Reached XP level 6. HP: 37/37 MP: 7/7
  1051 | D:2      | Reached skill level 1 in Slings
  1172 | D:2      | Reached skill level 5 in Short Blades
  1416 | D:2      | Reached XP level 7. HP: 43/43 MP: 8/8
  2005 | D:2      | Reached skill level 5 in Slings
  2112 | D:2      | Found a sacrificial altar of Ru.
  2138 | D:2      | Found Zyovyt's Assorted Antiques.
  3238 | D:3      | Reached XP level 8. HP: 35/48 MP: 9/9
  3244 | D:3      | your +2 dagger of protection protects you from harm!
  3795 | D:4      | Found a staircase to the Ecumenical Temple.
  3830 | Temple   | Entered the Ecumenical Temple
  4033 | Temple   | Became a worshipper of Warmaster Okawaru
  4119 | D:4      | Reached skill level 10 in Slings
  4257 | D:4      | Identified the cursed ring "Kiosadagh" {rF+ rC+ Int+5
                  | Dex+2, (Curse: Fragile)}
  4277 | D:4      | Received a gift from Okawaru
  4277 | D:4      | Reached XP level 9. HP: 52/52 MP: 10/10
  4321 | D:4      | Reached * piety under Okawaru
  4335 | D:4      | Noticed Gastronok
  4372 | D:4      | Killed Gastronok
  4372 | D:4      | Reached ** piety under Okawaru
  4372 | D:4      | Received a gift from Okawaru
  4372 | D:4      | Reached skill level 15 in Slings
  4372 | D:4      | Reached XP level 10. HP: 25/56 MP: 11/11
  4681 | D:4      | Reached skill level 5 in Dodging
  4683 | D:4      | Reached skill level 1 in Invocations
  4837 | D:4      | Reached *** piety under Okawaru
  5222 | D:5      | Entered Level 5 of the Dungeon
  5250 | D:5      | Reached skill level 5 in Fighting
  5274 | D:5      | Found a hazy altar of Hepliaklqana.
  5342 | D:5      | Reached **** piety under Okawaru
  5488 | D:5      | Noticed Snorg
  5541 | D:5      | Killed Snorg
  5541 | D:5      | Reached XP level 11. HP: 61/64 MP: 12/14
  5543 | D:5      | Noticed Psyche
  5550 | D:5      | Killed Psyche
  5614 | D:5      | Received a gift from Okawaru
  5630 | D:5      | Noticed Harold
  5639 | D:5      | Killed Harold
  5639 | D:5      | Reached skill level 5 in Invocations
  5661 | D:5      | Reached ***** piety under Okawaru
  5923 | D:5      | Noticed Nergalle
  6062 | D:5      | Found a burning altar of Makhleb.
  6257 | D:5      | Found Likkokon's Antique Weapon Shop.
  6294 | D:5      | Found an opulent altar of Gozag.
  6311 | D:5      | Noticed Josephine
  6329 | D:5      | Killed Josephine
  6343 | D:5      | Reached skill level 10 in Short Blades
  6389 | D:5      | Found a sparkling altar of Nemelex Xobeh.
  6432 | D:5      | Found a runed translucent door.
  6461 | D:5      | Reached XP level 12. HP: 72/72 MP: 16/16
  6508 | D:5      | Killed Nergalle
  6580 | D:5      | Found a staircase to the Lair.
  6693 | D:5      | Found a white marble altar of Elyvilon.
  6836 | Lair:1   | Entered Level 1 of the Lair of Beasts
  6887 | Lair:1   | Received a gift from Okawaru
  6921 | Lair:1   | Noticed Grum
  6927 | Lair:1   | Killed Grum
  6994 | Lair:1   | Reached ****** piety under Okawaru
  7171 | Lair:1   | Identified the +2 pair of boots "Cixemu" {-Cast MR++ Str+9
                  | Dex-5}
  7535 | Lair:2   | Found a staircase to the Snake Pit.
  7633 | Lair:2   | Reached skill level 10 in Dodging
  7772 | Lair:2   | Received a gift from Okawaru
  7838 | Lair:2   | Reached skill level 10 in Fighting
  7879 | Lair:2   | Noticed a boulder beetle
  7889 | Lair:2   | Killed a boulder beetle
  7889 | Lair:2   | Reached XP level 13. HP: 72/82 MP: 16/18
  8991 | D:6      | Identified the +6 buckler "Zeblafriuts" {Int+6}
  9373 | Lair:2   | Found a staircase to the Swamp.
  9582 | Lair:3   | Received a gift from Okawaru
 10395 | Lair:4   | Received a gift from Okawaru
 10428 | Lair:4   | Found a dark tunnel.
 10437 | Volcano  | Entered a volcano
 10469 | Volcano  | Reached skill level 15 in Short Blades
 10544 | Volcano  | Reached XP level 14. HP: 91/91 MP: 19/19
 10596 | Volcano  | Identified the +2 fire dragon scales of the Circus Animal
                  | {rF++ rC- Dex+5 Slay+2}
 10948 | Lair:4   | Received a gift from Okawaru
 11363 | Lair:4   | Identified the +6 hunting sling of Descent {freeze, Dex+3}
                  | (Okawaru gifted it to you on level 4 of the Lair of Beasts)
 11363 | Lair:4   | Received a gift from Okawaru
 11629 | Lair:5   | Found a staircase to the Slime Pits.
 11802 | Lair:5   | Identified a scroll of acquirement
 12217 | Lair:5   | Received a gift from Okawaru
 12459 | Lair:6   | Entered Level 6 of the Lair of Beasts
 12471 | Lair:6   | Identified the +0 ring mail of Foolhardiness {rElec rC+
                  | +Vis}
 12634 | Lair:6   | Reached XP level 15. HP: 100/100 MP: 20/20
 13120 | Lair:6   | Received a gift from Okawaru
 13151 | Lair:6   | Identified the +5 longbow of Indomitability {chaos, rF+ rN+
                  | Int-5}
 13263 | Lair:6   | Identified the +7 trident of Might {pierce, Stlth+}
 13555 | D:6      | Identified the cursed amulet "Lettouqa" {+Rage rF+ Str-4
                  | Int-4 Dex+5, (Curse: Fragile rC-)}
 13811 | D:6      | Identified the +1 leather armour of the Thistle {rC+ MR+
                  | Dex+4}
 13814 | D:6      | Found Istruguck's Book Emporium.
 13876 | D:6      | Found a staircase to the Orcish Mines.
 13878 | D:6      | Reached skill level 15 in Fighting
 14127 | Orc:1    | Entered Level 1 of the Orcish Mines
 14173 | Orc:1    | Found Vuecueje's Gadget Boutique.
 14546 | Orc:2    | Entered Level 2 of the Orcish Mines
 14546 | Orc:2    | Found Wenn's General Store.
 14614 | Orc:2    | Noticed an orc warlord
 14656 | Orc:1    | Killed an orc warlord
 14754 | Orc:2    | Identified the +4 ring mail of Impermeability {Str+3}
                  | (Okawaru gifted it to you on level 2 of the Orcish Mines)
 14754 | Orc:2    | Received a gift from Okawaru
 14791 | Orc:2    | Found a staircase to the Elven Halls.
 14836 | Orc:2    | Found Mituthe's Book Boutique.
 14912 | Orc:2    | Reached XP level 16. HP: 111/111 MP: 21/21
 14966 | Orc:2    | Found Vougoc's Antique Armour Boutique.
 15143 | Orc:2    | Found Wogewin's Antique Weapon Shoppe.
 15217 | Orc:2    | Found a roughly hewn altar of Beogh.
 15872 | D:7      | Identified the +5 dagger of the Shrike {vamp, rC+ rN++
                  | Str-4}
 15891 | D:7      | Noticed Sonja
 15900 | D:7      | Killed Sonja
 16151 | D:7      | Found a gate to the Vaults.
 16725 | D:7      | Found a portal to a secret trove of treasure.
 17139 | D:7      | Received a gift from Okawaru
 17277 | Snake:1  | Entered Level 1 of the Snake Pit
 17721 | Snake:1  | Received a gift from Okawaru
 18026 | Snake:2  | Reached XP level 17. HP: 118/118 MP: 22/22
 18043 | Snake:2  | Identified the +7 buckler of Moral Flaws {rPois rCorr Dex+2
                  | Slay-4}
 18081 | Snake:2  | Identified the cursed ring of Taen {Ice Dex+4, (Curse:
                  | Fragile)}
 18086 | Snake:2  | Received a gift from Okawaru
 18087 | Snake:2  | Found the +9 Kryia's mail coat {PotionHeal*2 rC+}
 18110 | Snake:2  | Reached skill level 5 in Armour
 18448 | Snake:2  | Found Kamutaje's Jewellery Boutique.
 18448 | Snake:2  | Found Huefretz's Gadget Emporium.
 18449 | Snake:2  | Found Gittaesi's Gadget Emporium.
 18655 | Snake:3  | Identified the +1 robe "Feklurr" {rF- Int+4 Dex+4}
 18754 | Snake:3  | Received a gift from Okawaru
 19044 | Snake:4  | Entered Level 4 of the Snake Pit
 19247 | Snake:4  | Reached XP level 18. HP: 120/124 MP: 23/23
 19330 | Snake:4  | Identified the +6 cleaver "Blob" {freeze, *Drain rF+ Int+6}
 19384 | Snake:4  | Identified the cursed ring of Niurium {rPois rN+ Dex+2
                  | Stlth-, (Curse: MR-)}
 19617 | Snake:4  | Received a gift from Okawaru
 20047 | Snake:4  | Reached skill level 15 in Dodging
 20062 | Snake:4  | Received a gift from Okawaru
 20251 | Snake:4  | Got a serpentine rune of Zot
 20506 | Swamp:1  | Entered Level 1 of the Swamp
 20549 | Swamp:1  | Received a gift from Okawaru
 20632 | Swamp:1  | Identified the +1 quarterstaff of the Scorpion {elec, rF+
                  | Dex+3}
 20638 | Swamp:1  | Found the +15 Maxwell's patent armour {-Cast -Tele rElec
                  | MR+ rCorr}
 20742 | Swamp:1  | Reached XP level 19. HP: 129/129 MP: 24/24
 21205 | Swamp:2  | Connectivity tunneler affected swamp_pool3.
 21449 | Swamp:2  | Identified the ring "Goacurphao" {Wiz Dex+4}
 22123 | Swamp:3  | Received a gift from Okawaru
 22135 | Swamp:3  | Found a shimmering altar of Xom.
 22719 | Swamp:4  | Entered Level 4 of the Swamp
 22772 | Swamp:4  | Identified the Almanac of Fire
 22788 | Swamp:4  | Identified the +6 hunting sling "Subbocacs" {venom, rPois
                  | rN+ Int-4 Dex+9 Stlth-} (Okawaru gifted it to you on level
                  | 4 of the Swamp)
 22788 | Swamp:4  | Received a gift from Okawaru
 23219 | Swamp:4  | Received a gift from Okawaru
 23219 | Swamp:4  | Reached XP level 20. HP: 135/135 MP: 25/25
 23370 | Swamp:4  | Got a decaying rune of Zot
 23790 | Elf:1    | Entered Level 1 of the Elven Halls
 23850 | Elf:1    | Identified the cursed +3 rapier "Weits" {acid, rPois Str-3
                  | Int+2, (Curse: rF-)}
 24168 | Elf:1    | Identified the cursed ring "Sezosuc" {rF+ Int+5 Dex+2,
                  | (Curse: Fragile rC-)}
 24554 | Elf:1    | Cast into level 3 of the Abyss (a deep elf demonologist)
 24565 | Abyss:3  | Received a gift from Okawaru
 24799 | Abyss:3  | Got an abyssal rune of Zot
 24804 | Elf:1    | Escaped the Abyss
 24925 | Elf:1    | Found a runed translucent gate.
 24925 | Elf:1    | Found a runed translucent gate.
 24925 | Elf:1    | Found a runed translucent gate.
 24925 | Elf:1    | Found a runed translucent gate.
 24925 | Elf:1    | Found a runed translucent gate.
 24926 | Elf:1    | Found a runed translucent gate.
 25603 | D:8      | Entered Level 8 of the Dungeon
 25616 | D:8      | Identified the +2 robe "Ruggacku" {Int+3}
 25687 | D:8      | Noticed Rupert
 25715 | D:8      | Killed Rupert
 26149 | D:8      | Noticed Jorgrun
 26157 | D:8      | Killed Jorgrun
 26157 | D:8      | Reached XP level 21. HP: 140/144 MP: 26/26
 26589 | D:8      | Found a staircase to the Depths.
 26629 | D:8      | Found a glowing golden altar of the Shining One.
 26635 | D:8      | Found a basalt altar of Yredelemnul.
 26638 | D:8      | Found a hide-covered altar of Uskayaw.
 26641 | D:8      | Found an ancient bone altar of Kikubaaqudgha.
 26642 | D:8      | Found a stormy altar of Qazlal.
 26875 | Elf:2    | Found a large runed translucent door.
 26875 | Elf:2    | Found a large runed translucent door.
 27065 | Elf:2    | Noticed Nikola
 27078 | Elf:2    | Killed Nikola
 27078 | Elf:2    | Identified the +10 quarterstaff "Orrucof" {crush, rC- MP+9
                  | Int+7 +Vis} (Okawaru gifted it to you on level 2 of the
                  | Elven Halls)
 27078 | Elf:2    | Received a gift from Okawaru
 27604 | Elf:2    | Found a large runed translucent door.
 27604 | Elf:2    | Found a large runed translucent door.
 28021 | Elf:2    | Identified the ring "Koacew" {Dex+3 Stlth-}
 28188 | Elf:3    | Entered Level 3 of the Elven Halls
 28195 | Elf:3    | Found an ancient bone altar of Kikubaaqudgha.
 28233 | Elf:3    | Found Firenataoze's Antique Armour Boutique.
 28263 | Elf:3    | Received a gift from Okawaru
 28364 | Elf:3    | Identified the cursed ring of Alink {*Tele rElec MR+ +Vis,
                  | (Curse: Dex-4)}
 28372 | Elf:3    | Identified the cursed amulet "Ziproub" {Harm *Drain Dex+3,
                  | (Curse: Fragile)}
 28456 | Elf:3    | Identified the cursed ring "Oroimal" {Int+2 Dex+5 Stlth-,
                  | (Curse: *Corrode Fragile)}
 28460 | Elf:3    | Identified the +3 robe "Beipagu" {*Contam +Inv rF+}
                  | (Okawaru gifted it to you on level 3 of the Elven Halls)
 28460 | Elf:3    | Received a gift from Okawaru
 28478 | Elf:3    | Identified the cursed amulet of Ugymaps {Faith MP+9 Int+3
                  | Dex+3, (Curse: Fragile)}
 28542 | Elf:3    | HP: 1/146 [large abomination[a deep elf high priest] (46)]
 28542 | Elf:3    | Mangled by a large abomination

Levels and vault maps discovered:
D:1:      dpeg_arrival_central, layout_basic, minmay_pentomino_o4
D:2:      layout_sewer, nicolae_ru_the_path_less_chosen, fedhas_altar_2,
          first_ration, serial_shops, nicolae_shop_overgrown_old_shop
D:3:      layout_loops_corners
D:4:      layout_grid_maze, minmay_temple_entry_trees, uniq_gastronok
D:5:      ossuary_the_hunt_dpeg, layout_long_grid,
          bcadren_lemuel_inverted_doored_altar, lemuel_doored_altar,
          lemuel_crystal_altar, kennysheep_mini, david_lair_shrubbed,
          serial_shops, nicolae_shop_behind_doors, basic_altar, uniq_josephine,
          uniq_nergalle, uniq_harold, uniq_snorg, uniq_psyche
D:6:      layout_rooms, kennysheep_orc_monster_closet_entryway, serial_shops,
          shop
D:7:      layout_roguey [special_room_bee], grunt_vaults_entry_fortified,
          nicolae_trove_entry_columns, grunt_pizzeria,
          nicolae_ossuary_entry_catacombs, chequers_mini_garden, minivault_23,
          uniq_sonja
D:8:      gammafunk_enter_depths_forms, layout_irregular_city, minitemple,
          chequers_arboretum, uniq_jorgrun, uniq_rupert
Temple:   jpeg_temple_alley_garden
Lair:1:   layout_hall_layers, special_room, uniq_grum
Lair:2:   layout_roguey, palyth_hydra_swamp_entry, dummy_snake_entry,
          st_stairs_3, beast_lair_carwin_7, lemuel_fruit_tree,
          grunt_megastairs_2
Lair:3:   layout_gridlike, infiniplex_staircase_pool
Lair:4:   layout_gridlike, lightli_volcano_entry_magma_tube, minivault_19,
          grunt_megastairs_5
Lair:5:   layout_cave_pods, slime_dummy, serial_bayou_shore_a
Lair:6:   gammafunk_lair_ancient_temple, layout_long_grid
Swamp:1:  layout_basic_swamp, evilmike_swamp_ruin_rubble_2, swamp_pool3
Swamp:2:  layout_falls_marsh, nicolae_swamp_trees_clearing, swamp_pool3,
          infiniplex_staircase_pool_2
Swamp:3:  layout_basic_swamp, lemuel_altar_in_water, swamp_pool5,
          hangedman_swamp_wriggling
Swamp:4:  swamp_alternative, layout_basic_swamp
Snake:1:  layout_rooms
Snake:2:  layout_cave_shapes, st_stairs_4, minmay_shop_grove
Snake:3:  layout_onion_interference, nicolae_snake_lava_pool
Snake:4:  minmay_snake_end_coiled, layout_onion
Orc:1:    layout_diamond_mine, serial_shops, nicolae_shop_behind_doors,
          lightli_orcish_oven
Orc:2:    grunt_orc_gardens, layout_caves, grunt_orc_garden, grunt_orc_garden,
          grunt_orc_garden, grunt_orc_garden, nicolae_orc_jurassic_orc,
          david_defended_altar_orc
Elf:1:    layout_gridlike, orc_legates, hex_medium,
          roderic_lattice_octagonal_star
Elf:2:    layout_gridlike, wad_floor_pattern_untrapped, uniq_nikola
Elf:3:    minmay_elf_hall_spiked, layout_geoelf_octagon, serial_shops, shop,
          basic_altar

Skill      XL: |  1  2  3  4  5  6  7  8  9 10 11 12 13 14 15 16 17 18 19 20 21 |
---------------+----------------------------------------------------------------+-----
Short Blades   | 4 5 6 7 8 10 12 15 17 18 21 22 | 22.0
Dodging        | 4 7 8 10 11 13 15 16 18 | 18.1
Armour         | 1 2 3 4 6 |  6.0
Fighting       | 3 4 6 7 10 11 13 16 18 19 20 | 20.2
Slings         | 3 7 10 15 16 18 21 22 | 22.0
Invocations    | 4 6 7 |  7.0
Evocations     | |  2.1

Action                   |  1- 3 |  4- 6 |  7- 9 | 10-12 | 13-15 | 16-18 | 19-21 || total
-------------------------+-------+-------+-------+-------+-------+-------+-------++-------
Melee: Rapier            |    53 |    91 |    84 |       |       |       |       ||   228
       Unarmed           |    21 |    49 |       |       |       |       |       ||    70
       Dagger            |       |       |    63 |       |       |       |       ||    63
       Sai               |       |       |       |   198 |   261 |       |       ||   459
       Cleaver           |       |       |       |       |   145 |   276 |   220 ||   641
       Katar             |       |       |       |       |       |       |   240 ||   240
 Fire: Hunting sling     |       |    57 |   171 |   459 |   563 |   175 |   705 ||  2130
       Fustibalus        |       |       |       |       |   144 |   563 |   249 ||   956
Invok: Heroism           |       |       |     1 |     3 |     4 |     1 |     5 ||    14
       Finesse           |       |       |       |     2 |     2 |       |     2 ||     6
Evoke: Wand              |       |       |     7 |     1 |       |       |     3 ||    11
  Use: Potion            |       |     1 |     3 |       |     1 |       |     2 ||     7
       Scroll            |       |       |     1 |       |     4 |       |     4 ||     9
 Stab: Sleeping          |       |       |     4 |       |     3 |       |       ||     7
       Distracted        |       |       |       |       |       |     1 |     1 ||     2
  Eat: Chunk             |       |     3 |     9 |    13 |    21 |    16 |    22 ||    84
       Ration            |       |       |       |       |       |       |     1 ||     1
Armor: Leather armour    |     5 |    13 |    17 |    14 |    12 |       |       ||    61
       Fire dragon scale |       |       |       |       |    44 |    41 |    69 ||   154
       Robe              |       |       |       |       |     1 |       |       ||     1
Dodge: Dodged            |    30 |   132 |    86 |   158 |   210 |   157 |   279 ||  1052
       Deflected         |       |       |       |    12 |    13 |    47 |    60 ||   132
Block: Sai               |       |       |       |    27 |    32 |       |       ||    59
